 Dungeon Crawl Stone Soup version 0.21.1-1-g345015fe64 (webtiles) character file.

51 Lorindel the Magician (level 3, 0/19 HPs)
             Began as a Deep Elf Wizard on Mar 5, 2018.
             Slain by a giant cockroach (2 damage)
             ... on level 3 of the Dungeon.
             The game lasted 00:14:23 (1727 turns).

Lorindel the Magician (Deep Elf Wizard)             Turns: 1727, Time: 00:14:23

Health: 0/19       AC:  3    Str:  4    XL:     3   Next: 57%
Magic:  3/12       EV: 12    Int: 23    God:
Gold:   133        SH:  8    Dex: 13    Spells: 1/14 levels left

rFire    . . .     SeeInvis .   q - +1 spear (vamp)
rCold    . . .     Gourm    .   e - +1 buckler
rNeg     . . .     Faith    .   a - +0 robe
rPois    +         Spirit   .   b - +0 hat
rElec    .         Reflect  +   (no cloak)
rCorr    .         Harm     .   l - +0 pair of gloves
MR       .....                  (no boots)
Stlth    ++........             s - +4 amulet of reflection
HPRegen  0.06/turn              m - ring of poison resistance
MPRegen  0.13/turn              (no ring)

@: very slightly contaminated
A: no striking features
a: no special abilities


You were on level 3 of the Dungeon.
You were not hungry.

You visited 1 branch of the dungeon, and saw 3 of its levels.

You collected 133 gold pieces.

Inventory:

Hand Weapons
 i - a +0 dagger
 q - a +1 vampiric spear (weapon)
Armour
 a - a +0 robe (worn)
 b - a +0 hat (worn)
 e - a +1 buckler (worn)
 l - a +0 pair of gloves (worn)
Jewellery
 m - a ring of poison resistance (left hand)
 s - a +4 amulet of reflection (around neck)
 u - an uncursed amulet of regeneration
Scrolls
 f - a scroll of identify
 h - a scroll of fear
Potions
 g - 2 potions of curing
 j - a potion of magic {unknown}
 k - a potion of ambrosia {unknown}
 n - a potion of might {unknown}
Books
 c - a book of Minor Magic

   Spells                             Type                      Level
   a - Magic Dart                     Conjuration                  1
   b - Blink                          Translocation                2
   c - Call Imp                       Summoning                    2
   d - Slow                           Hexes                        2
   e - Conjure Flame                  Conjuration/Fire             3
   f - Mephitic Cloud                 Conjuration/Poison/Air       3
Comestibles
 d - 2 rations
 o - 3 chunks of flesh


   Skills:
 + Level 0.1 Fighting
 + Level 2.4 Dodging
 + Level 2.4 Stealth
 + Level 0.1 Shields
 + Level 6.1 Spellcasting
 + Level 1.2 Conjurations
 + Level 0.1 Hexes
 + Level 1.1 Summonings
 + Level 1.2 Translocations
 + Level 0.0 Fire Magic
 + Level 0.1 Air Magic
 + Level 0.0 Poison Magic


You had one spell level left.
You knew the following spells:

 Your Spells              Type           Power        Failure   Level  Hunger
a - Magic Dart            Conj           ##..         9%          1    None
b - Call Imp              Summ           ##......     13%         2    None
c - Blink                 Tloc           N/A          12%         2    None
d - Slow                  Hex            #.......     21%         2    None
e - Mephitic Cloud        Conj/Pois/Air  #.......     32%         3    #......
f - Conjure Flame         Conj/Fire      ##......     30%         3    #......


Dungeon Overview and Level Annotations

Branches:
Dungeon (3/15)

Altars:


Message History

You are very lightly contaminated with residual magic.
The world appears momentarily distorted.
Casting: Call Imp
Confirm with . or Enter, or press ? or * to list all spells.
A beastly little devil appears in a puff of flame.
The goblin misses you. The goblin hits you with a dagger.
* * * LOW HITPOINT WARNING * * *
A giant cockroach comes into view.
The goblin hits your crimson imp but does no damage.
Casting: Call Imp
Confirm with . or Enter, or press ? or * to list all spells.
A beastly little devil appears in a puff of flame.
Your crimson imp blinks!
Your crimson imp closely misses the giant cockroach.
You swap places.
The giant cockroach closely misses you.
Your crimson imp hits the goblin.
The goblin barely misses your crimson imp.
The giant cockroach bites you.
You die...

........##.###.##
#...........# ......#....#
#..###..........##
...........####...##.........#
.###............############.#
.##..###.....##g# *##>##*#..#
...............g## #8...8*####
........###...<.5#*#.....**
.##............5.##8.....8*
.##....,####...s@.##.....#*
.......,***##.....##8...8#
......,,,,,,#.....#*,,,,,**
......,,,,,....#.##8,,,,,8***
(....#*,*#.....#..**,,,,,**,*
,....#*,,.........**8,,,8**,*
.....#***.........****_****,*
......,,,....$,..<#********,*
,....#***,,,**,,,,,,,,,*,,,,*


You could see a giant cockroach, a hobgoblin, a goblin and 2 friendly crimson
imps.

Vanquished Creatures
  An adder (D:2)
  3 ball pythons
  3 bats
  A giant cockroach (D:2)
  4 goblins (D:1)
  4 hobgoblins
  2 jackals (D:1)
  6 kobolds
  2 frilled lizards (D:1)
  A rat (D:1)
27 creatures vanquished.

Vanquished Creatures (collateral kills)
  Robin (D:2)
  4 goblins (D:2)
  3 hobgoblins (D:2)
8 creatures vanquished.

Grand Total: 35 creatures vanquished

Notes
Turn   | Place    | Note
-------+----------+-------------------------------------------
     0 | D:1      | Lorindel the Deep Elf Wizard began the quest for the Orb.
     0 | D:1      | Reached XP level 1. HP: 10/10 MP: 7/7
   267 | D:1      | Reached skill level 5 in Spellcasting
   309 | D:1      | Reached XP level 2. HP: 15/15 MP: 6/10
   377 | D:1      | Learned a level 2 spell: Call Imp
   380 | D:1      | Learned a level 2 spell: Blink
   383 | D:1      | Learned a level 2 spell: Slow
   699 | D:1      | You fall through a shaft!
   930 | D:2      | Noticed Robin
   960 | D:2      | Killed Robin
   960 | D:2      | Reached skill level 6 in Spellcasting
   960 | D:2      | Reached XP level 3. HP: 13/19 MP: 2/12
   965 | D:2      | Learned a level 3 spell: Mephitic Cloud
   969 | D:2      | Learned a level 3 spell: Conjure Flame
  1727 | D:3      | Slain by a giant cockroach

Skill      XL: |  1  2 |
---------------+-------+-----
Spellcasting   | 5 6 |  6.1
Fighting       | |  0.1
Dodging        | |  2.4
Stealth        | |  2.4
Shields        | |  0.1
Conjurations   | |  1.2
Hexes          | |  0.1
Summonings     | |  1.1
Translocations | |  1.2
Air Magic      | |  0.1

Action                   || total
-------------------------++-------
Melee: Dagger            ||    16
       Spear             ||    30
 Cast: Magic Dart        ||    51
       Call Imp          ||     5
       Blink             ||     2
  Use: Potion            ||     1
       Scroll            ||     8
 Stab: Sleeping          ||     3
  Eat: Ration            ||     2
Armor: Robe              ||     8
Dodge: Dodged            ||    27
Block: Buckler           ||     9
